 Dungeon Crawl Stone Soup version 0.25-a0-310-g60f0ac2d9a (webtiles) character file.

Game seed: 16566082446920265359, levelgen mode: classic

4668 Borgoz the Fighter (level 10, -1/66 HPs)
             Began as a Gargoyle Fighter on Dec 23, 2019.
             Was an Initiate of Ashenzari.
             Slain by a two-headed ogre
             ... wielding a +0 giant club
              (6 damage)
             ... on level 9 of the Dungeon.
             The game lasted 00:11:24 (8373 turns).

Borgoz the Fighter (Gargoyle Fighter)               Turns: 8373, Time: 00:11:25

Health: -1/66      AC: 29    Str: 19    XL:     10   Next: 44%
Magic:  10/10      EV:  8    Int: 10    God:    Ashenzari [......]
Gold:   507        SH:  0    Dex: 12    Spells: 9/9 levels left

rFire    . . .     SeeInvis .   b - +1 great sword (curse)
rCold    . . .     Gourm    +   (shield currently unavailable)
rNeg     + . .     Faith    .   s - +1 plate armour {MR+} (curse)
rPois    ∞         Spirit   .   J - +0 helmet
rElec    +         Reflect  .   m - +0 cloak
rCorr    .         Harm     .   (no gloves)
MR       +....                  (no boots)
Stlth    ..........             I - amulet of the gourmand
HPRegen  0.21/turn              l - +4 ring of protection
MPRegen  0.12/turn              E - ring of attention (curse)

@: no status effects
A: negative energy resistance 1, electricity resistance, unbreathing,
petrification resistance, rot immunity, AC +7
a: Curse Item, Renounce Religion


You were on level 9 of the Dungeon.
You worshipped Ashenzari.
Ashenzari was noncommittal.
You were completely stuffed.

You visited 2 branches of the dungeon, and saw 10 of its levels.

You collected 507 gold pieces.

Inventory:

Hand Weapons
 a - a +0 long sword
 b - a cursed +1 great sword (weapon)
Armour
 c - a +0 shield
 m - a +0 cloak (worn)
 s - a cursed +1 plate armour of magic resistance (worn)
 F - a +2 chain mail of cold resistance
 J - a +0 helmet (worn)
 N - a +1 scale mail of magic resistance
Jewellery
 l - a +4 ring of protection (left hand)
 E - a cursed ring of attention (right hand)
 I - an amulet of the gourmand (around neck)
Wands
 q - a wand of flame (31)
 x - a wand of polymorph (7)
 H - a wand of iceblast (10)
Scrolls
 e - 9 scrolls of identify {unknown}
 g - 2 scrolls of enchant weapon {unknown}
 i - 2 scrolls of noise {unknown}
 j - 3 scrolls of remove curse
 k - 4 scrolls of teleportation
 r - a scroll of immolation {unknown}
 v - 3 scrolls of fog {unknown}
 w - a scroll of magic mapping {unknown}
 y - 2 scrolls of fear {unknown}
 K - a scroll of random uselessness {unknown}
 O - a scroll of amnesia {unknown}
Potions
 d - 4 potions of might
 h - 4 potions of degeneration {unknown}
 n - 3 potions of invisibility {unknown}
 o - a potion of brilliance {unknown}
 p - a potion of agility {unknown}
 u - a potion of cancellation {unknown}
 z - 2 potions of flight {unknown}
 A - 3 potions of lignification {unknown}
 B - a potion of berserk rage {unknown}
 C - 2 potions of heal wounds {unknown}
 D - 4 potions of curing {unknown}
 G - 2 potions of resistance {unknown}
 L - 2 potions of haste {unknown}
Comestibles
 f - 7 rations


   Skills:
 * Level 9.0 Fighting
 * Level 7.2 Long Blades
 * Level 8.9 Armour
 + Level 4.1 Dodging
 - Level 6.4 Shields


You had 9 spell levels left.
You didn't know any spells.
Your spell library was empty.

Dungeon Overview and Level Annotations

Branches:
Dungeon (9/15)             Temple (1/1) D:4
   Lair: D:8-11         Orc: D:9-12

Altars:
Ashenzari
Cheibriados
Dithmenos
Elyvilon
Fedhas
Gozag
Hepliaklqana
Kikubaaqudgha
Makhleb
Nemelex Xobeh
Okawaru
Qazlal
Ru
Sif Muna
Trog
Uskayaw
Vehumet
Wu Jian
Xom
Yredelemnul
Zin
The Shining One

Annotations:
D:2 exclusion: oklob plant


Innate Abilities, Weirdness & Mutations

You are resistant to torment.
Your stone body is resilient. (AC +7)
You are immune to poison.
You resist negative energy. (rN+)
You are resistant to electric shocks. (rElec)
You can survive without breathing.
You are immune to petrification.
You are immune to rotting.


Message History

You slash the two-headed ogre!
The two-headed ogre is heavily wounded.
You hear an angry buzzing noise.
The two-headed ogre barely misses you.
You riposte.
Your plate armour prevents you from hitting the two-headed ogre.
The two-headed ogre is moderately wounded.
The two-headed ogre hits you but does no damage.
You hear an angry buzzing noise.
You slash the two-headed ogre!
The two-headed ogre is severely wounded.
The two-headed ogre hits you with a +0 giant club.
* * * LOW HITPOINT WARNING * * *
The two-headed ogre closely misses you.
You slice the two-headed ogre!!
The two-headed ogre is almost dead.
You hear an angry buzzing noise. x2
The two-headed ogre hits you with a +0 giant club!
* * * LOW HITPOINT WARNING * * *
The two-headed ogre hits you with a +0 giant club.
You die...

# .## ... . ###.. ..
### ##...####
≈...##.. #....P.$.
≈....... #..[.# ≈≈..
#.. #@# ..... #..
#O######..... #..
#............###..
##........<#......
#..........####..
#......:.#.# ###
....#.y..##.#.#####.
..#...##.# #.......
#. #<... .. ##......


You could see a two-headed ogre and a killer bee (berserk).

Vanquished Creatures
  Joseph (D:9)
  A hippogriff (D:8)
  Sigmund (D:5)
  2 wraiths (D:7)
  A steam dragon (D:8)
  A hungry ghost (D:5)
  Edmund (D:3)
  2 orc warriors
  A sky beast (D:5)
  3 black bears
  An ogre (D:7)
  A phantom (D:5)
  2 necrophages
  3 centaurs
  4 bullfrogs
  5 scorpions
  A killer bee (D:9)
  4 wights
  7 crimson imps
  A bullfrog zombie (D:5)
  A quasit (D:8)
  A centaur zombie (D:7)
  5 hounds
  Crazy Yiuf (D:2)
  2 centaur skeletons
  5 human zombies (D:7)
  2 orc priests (D:8)
  A jelly (D:7)
  2 orc wizards
  2 iguanas
  9 worker ants
  An ogre skeleton (D:7)
  3 hound zombies
  A hound skeleton (D:8)
  2 mummies (D:7)
  A worker ant zombie (D:7)
  3 gnolls (D:7)
  15 adders
  A howler monkey skeleton (D:6)
  2 shadow imps
  An ooze (D:1)
  An adder skeleton (D:6)
  2 dart slugs (D:1)
  9 leopard geckos
  13 orcs
  7 ball pythons
  4 giant cockroaches
  5 goblins
  3 hobgoblins
  12 jackals
  5 kobolds
  3 quokkas
  7 bats
  4 frilled lizards
  A leopard gecko skeleton (D:4)
  2 quokka skeletons
  7 rats
189 creatures vanquished.

Notes
Turn   | Place    | Note
-------+----------+-------------------------------------------
     0 | D:1      | Borgoz the Gargoyle Fighter began the quest for the Orb.
     0 | D:1      | Reached XP level 1. HP: 14/14 MP: 1/1
    83 | D:1      | Reached XP level 2. HP: 17/19 MP: 2/2
   258 | D:1      | Reached XP level 3. HP: 22/23 MP: 3/3
   761 | D:2      | Found an opulent altar of Gozag.
   863 | D:2      | Found a blossoming altar of Fedhas.
   881 | D:2      | Noticed an oklob plant
   986 | D:2      | Reached XP level 4. HP: 29/29 MP: 4/4
  1259 | D:2      | Found a runed translucent door.
  1260 | D:2      | Noticed Crazy Yiuf
  1767 | D:2      | Killed Crazy Yiuf
  1767 | D:2      | Reached skill level 4 in Fighting
  2361 | D:3      | Reached XP level 5. HP: 33/33 MP: 5/5
  2493 | D:3      | Found a hazy altar of Hepliaklqana.
  2661 | D:3      | Found a shimmering altar of Xom.
  2987 | D:4      | Found a staircase to the Ecumenical Temple.
  2987 | D:4      | Noticed Edmund
  3011 | D:3      | Killed Edmund
  3011 | D:3      | Reached skill level 1 in Dodging
  3011 | D:3      | Reached XP level 6. HP: 39/39 MP: 6/6
  3039 | Temple   | Entered the Ecumenical Temple
  3484 | D:4      | Noticed an orc warrior
  3520 | D:4      | Killed an orc warrior
  3520 | D:4      | Reached skill level 5 in Fighting
  3520 | D:4      | Reached skill level 5 in Armour
  3520 | D:4      | Reached XP level 7. HP: 17/44 MP: 7/7
  4084 | D:5      | Entered Level 5 of the Dungeon
  4273 | D:5      | Noticed Sigmund
  4290 | D:5      | Killed Sigmund
  4290 | D:5      | Reached XP level 8. HP: 50/51 MP: 8/8
  4389 | D:5      | Reached skill level 6 in Fighting
  4494 | D:5      | Reached skill level 5 in Shields
  4547 | D:5      | Reached skill level 5 in Long Blades
  4812 | D:5      | Found an ornate altar of the Wu Jian Council.
  4941 | D:5      | Found a burning altar of Makhleb.
  4984 | D:5      | Found a hide-covered altar of Uskayaw.
  5217 | D:6      | Reached XP level 9. HP: 56/56 MP: 9/9
  5457 | D:6      | Reached skill level 7 in Fighting
  6345 | D:7      | Found an ancient bone altar of Kikubaaqudgha.
  6517 | D:7      | Reached skill level 8 in Fighting
  7118 | D:8      | Reached XP level 10. HP: 36/64 MP: 10/10
  7969 | D:9      | Noticed Joseph
  7995 | D:9      | Killed Joseph
  8104 | D:9      | Reached skill level 9 in Fighting
  8252 | D:9      | Found a faded altar of an unknown god.
  8252 | D:9      | Found a faded altar of an unknown god.
  8259 | D:9      | Found a shattered altar of Ashenzari.
  8261 | D:9      | Found a bloodstained altar of Trog.
  8262 | D:9      | Found a shimmering blue altar of Sif Muna.
  8266 | D:9      | Became a worshipper of Ashenzari the Shackled
  8363 | D:9      | Noticed a two-headed ogre
  8373 | D:9      | Slain by a two-headed ogre

Levels and vault maps discovered:
D:1:      nagdon_arrival_double_spiral, layout_loops_ring,
          chequers_serial_rivers_room_a, corexii_leaking_fountain,
          minmay_split_cup_small
D:2:      layout_loops_ring, overflow_temple_1_default, tgw_fedhas,
          uniq_crazy_yiuf_cottage
D:3:      layout_basic, brannock_xom_greatest_gift,
          nicolae_overflow_crystal_walls, nrook_campfire
D:4:      layout_rooms, minmay_temple_entry_overgrown, first_ration,
          kennysheep_cluttered_room, minmay_snake_closets, uniq_edmund
D:5:      layout_cave_pools, marbit_many_paths, old_standard_altar,
          grunt_ministairs_2, makhleb_heckhound_becter, uniq_sigmund
D:6:      layout_basic
D:7:      layout_rooms, lemuel_mausoleum_altar_kikubaaqudgha
D:8:      minmay_octagon_keep, layout_basic
D:9:      layout_rooms, chequers_temple_overflow_minitemple,
          kb_lookout_dungeons_type, david_nohive_1, eino_jars, uniq_joseph
Temple:   cyrus_circular_temple

Skill      XL: |  1  2  3  4  5  6  7  8  9 10 |
---------------+-------------------------------+-----
Long Blades    | 2 3 4 5 6 7 |  7.2
Fighting       | 4 5 6 8 9 |  9.0
Armour         | 4 5 6 8 |  8.9
Dodging        | 1 2 3 4 |  4.1
Shields        | 4 5 6 |  6.4

Action                   |  1- 3 |  4- 6 |  7- 9 | 10-12 || total
-------------------------+-------+-------+-------+-------++-------
Melee: Long sword        |   117 |   227 |   794 |    32 ||  1170
       Great sword       |       |       |       |    97 ||    97
Invok: Curse Item        |       |       |       |     2 ||     2
Evoke: Wand              |       |       |       |    11 ||    11
  Use: Potion            |       |     1 |       |       ||     1
       Scroll            |       |     1 |       |     1 ||     2
  Eat: Chunk             |       |     6 |    15 |    12 ||    33
       Ration            |       |     1 |     4 |       ||     5
Armor: Scale mail        |    94 |    60 |       |    58 ||   212
       Plate armour      |       |    63 |   627 |    99 ||   789
Dodge: Dodged            |    48 |    50 |   179 |    89 ||   366
Block: Shield            |    69 |   119 |   389 |    13 ||   590
       Rpst.: Long sword |    18 |    20 |    52 |     3 ||    93
       Great sword       |       |       |       |    17 ||    17

Table legend:
 A = Non-vault XP
 B = Vault XP
 C = Vault XP percentage of total XP
 D = Non-vault monster count
 E = Vault monster count
 F = Vault count percentage of total count
                 A         B        C        D         E       F
            +---------+---------+-------+---------+---------+-------
      Total |    4447 |    2222 |  33.3 |     149 |      40 |  21.2
            +---------+---------+-------+---------+---------+-------
        D:1 |      49 |       5 |   9.3 |      24 |       3 |  11.1
        D:2 |      52 |      41 |  44.1 |      18 |       1 |   5.3
        D:3 |      42 |     166 |  79.8 |      10 |       1 |   9.1
        D:4 |     388 |      99 |  20.3 |      13 |      11 |  45.8
        D:5 |    1045 |     429 |  29.1 |      22 |       4 |  15.4
        D:6 |     419 |       0 |   0.0 |      12 |       0 |   0.0
        D:7 |     744 |     883 |  54.3 |      24 |      12 |  33.3
        D:8 |    1338 |      88 |   6.2 |      20 |       6 |  23.1
        D:9 |     370 |     511 |  58.0 |       6 |       2 |  25.0
            +---------+---------+-------+---------+---------+-------
